 Dungeon Crawl Stone Soup version 0.20-a0-1015-g2ec8a95 (webtiles) character file.

56 Gorglomux the Firebug (level 3, 0/26 HPs)
             Began as a Demigod Fire Elementalist on Apr 15, 2017.
             Slain by a goblin (2 damage)
             ... led by Robin
             ... on level 1 of the Dungeon.
             The game lasted 00:02:40 (1127 turns).

Gorglomux the Firebug (Demigod Fire Elementalist)   Turns: 1127, Time: 00:02:41

Health: 0/26       AC:  4    Str: 11    XL:     3   Next: 48%
Magic:  8/9        EV: 12    Int: 21    God:
Gold:   52         SH:  0    Dex: 16    Spells: 2/6 levels left

rFire    . . .     SeeInvis .   d - +0 spear
rCold    . . .     Gourm    .   (no shield)
rNeg     . . .     Faith    .   a - +0 robe
rPois    .         Spirit   .   (no helmet)
rElec    .         Reflect  .   (no cloak)
rCorr    .         Harm     .   h - +1 pair of gloves (curse)
MR       .....     Rnd*Tele +   (no boots)
Stlth    ++........             (no amulet)
Regen    0.1/turn               t - ring of teleportation (curse)
MPRegen  0.2/turn               (no ring)

@: no status effects
A: high mp 1
a: no special abilities


You were on level 1 of the Dungeon.
You were not hungry.

You visited 1 branch of the dungeon, and saw 2 of its levels.

You collected 52 gold pieces.

Inventory:

Hand Weapons
 d - a +0 spear (weapon)
Armour
 a - a +0 robe (worn)
 h - a cursed +1 pair of gloves (worn)
Jewellery
 t - a cursed ring of teleportation (left hand)
Scrolls
 R - a scroll of identify
Potions
 m - a potion of curing
Books
 b - a book of Flames

   Spells                             Type                      Level
   a - Flame Tongue                   Conjuration/Fire             1
   b - Throw Flame                    Conjuration/Fire             2
   c - Conjure Flame                  Conjuration/Fire             3
   d - Inner Flame                    Hexes/Fire                   3
   e - Sticky Flame                   Conjuration/Fire             4
   f - Fireball                       Conjuration/Fire             5
Comestibles
 c - 2 bread rations
 g - 4 fruits


   Skills:
 - Level 1.7 Dodging
 - Level 1.7 Stealth
 + Level 2.4 Spellcasting
 + Level 2.0 Conjurations
 + Level 3.2 Fire Magic


You had 2 spell levels left.
You knew the following spells:

 Your Spells              Type           Power        Failure   Level  Hunger
a - Flame Tongue          Conj/Fire      ##...        6%          1    None
j - Conjure Flame         Conj/Fire      ##......     17%         3    ###....


Dungeon Overview and Level Annotations

Branches:
Dungeon (2/15)

Annotations:
D:1 Robin


Innate Abilities, Weirdness & Mutations

You have an increased reservoir of magic. (+10% MP)


Message History

Aim: a hobgoblin, wielding a club and wearing a robe (severely wounded, unusually strong)
The flame tongue hits the hobgoblin.
You kill the hobgoblin!
The goblin closely misses you. The kobold hits you but does no damage.
Robin hits you with a dagger.
* * * LOW HITPOINT WARNING * * *
The goblin hits you.
* * * LOW HITPOINT WARNING * * *
The kobold hits you but does no damage. Robin hits you but does no damage.
You climb upwards.
A rat comes into view.
There is a stone staircase leading down here.
Robin hits you but does no damage.
You hit the kobold.
The kobold is moderately wounded.
The goblin hits you.
* * * LOW HITPOINT WARNING * * *
The kobold hits you but does no damage. Robin throws the goblin at you!
The goblin hits you.
You die...

###### ######## #....#
#..g...# ## #....#
#..@...# .# #....#
#>gK...# ## #....#
#......###
#....###.r......#
#.....##......#.##
#......#......#..#
#....#.#......##.#####
###.##[#......##...).###
#.##..#..#########...#


You could see Robin, a goblin, a kobold and a rat.

Vanquished Creatures
  An ooze (D:1)
  3 dart slugs (D:1)
  3 bats (D:1)
  13 goblins
  7 hobgoblins
  3 jackals (D:1)
  5 kobolds (D:1)
  3 rats (D:1)
38 creatures vanquished.

Notes
Turn   | Place    | Note
-------+----------+-------------------------------------------
     0 | D:1      | Gorglomux the Demigod Fire Elementalist began the quest for the Orb.
     0 | D:1      | Reached XP level 1. HP: 14/14 MP: 5/5
    34 | D:1      | Reached skill level 1 in Conjurations
   240 | D:1      | Reached XP level 2. HP: 15/20 MP: 7/7
   387 | D:1      | Reached skill level 3 in Fire Magic
   602 | D:1      | Reached XP level 3. HP: 24/26 MP: 6/9
   770 | D:1      | Learned a level 3 spell: Conjure Flame
   784 | D:2      | Noticed Robin
  1127 | D:1      | Slain by a goblin

Vault maps used:
D:1:      tarquinn_simple_flora_water_a
D:2:      lemuel_round_altar, kiku_gazebo_pond_becter, uniq_robin

Skill      XL: |  1  2  3 |
---------------+----------+-----
Conjurations   | 1 2 |  2.0
Spellcasting   | 2 |  2.4
Fire Magic     | 3 |  3.2
Dodging        | |  1.7
Stealth        | |  1.7

Action                   || total
-------------------------++-------
Melee: Spear             ||    47
 Cast: Flame Tongue      ||    42
       Conjure Flame     ||     1
  Use: Scroll            ||     4
 Stab: Sleeping          ||     1
  Eat: Chunk             ||     1
Armor: Robe              ||    26
Dodge: Dodged            ||    55
